 Dungeon Crawl Stone Soup version 0.26-a0-651-gb41185065b (webtiles) character file.

Game seed: 10087302625915337475

20862 Irenicus the Geomancer (level 12, -3/98 HPs)
             Began as a Deep Dwarf Earth Elementalist on Oct 6, 2020.
             Was the Champion of Makhleb.
             Hit by a silver javelin thrown by a minotaur (5 damage)
             ... in a Gauntlet.
             The game lasted 01:08:50 (7381 turns).

Irenicus the Geomancer (DDEE)                       Turns: 7381, Time: 01:08:51

Health: -3/98      AC: 10    Str: 11    XL:     12   Next: 49%
Magic:  24/24      EV: 18    Int: 18    God:    Makhleb [******]
Gold:   904        SH:  0    Dex: 13    Spells: 9/27 levels left

rFire    . . .     SeeInvis .   s - +8 dagger "Keigeh" {drain, +Inv rN++ Int-4 Stlth+}
rCold    . . .     Faith    +   (no shield)
rNeg     + + .     Spirit   .   l - +2 robe {Archmagi}
rPois    .         Reflect  .   Q - +0 helmet
rElec    .         Harm     .   J - +0 cloak
rCorr    .         Rampage  .   z - +2 pair of gloves
MR       +....     NoTele   +   g - +1 pair of boots {run}
Stlth    +++++.....             N - amulet of faith {Faith, !P}
HPRegen  0.00/turn              h - +4 ring of slaying
MPRegen  0.19/turn              O - +4 ring of evasion

@: very slightly contaminated, non-regenerating, hasted, very quick
A: damage resistance, heal wounds, deformed body, sense surroundings 2, no
regeneration
a: Heal Wounds, Minor Destruction, Lesser Servant of Makhleb, Major Destruction,
Greater Servant of Makhleb, Renounce Religion, Evoke Invisibility


You were in a Gauntlet.
You worshipped Makhleb.
Makhleb was exalted by your worship.
You visited 3 branches of the dungeon, and saw 14 of its levels.
You also visited: Ossuary and Gauntlet.

You collected 904 gold pieces.

Inventory:

Hand Weapons
 d - a +6 vorpal dagger
   (You took it off a goblin on level 1 of the Dungeon)
 s - the +8 dagger "Keigeh" (weapon) {drain, +Inv rN++ Int-4 Stlth+}
   (You took it off a kobold on level 5 of the Dungeon)

   A truly terrible weapon, it drains the life of those it strikes.
   It affects your intelligence (-4).
   It greatly protects you from negative energy.
   It lets you turn invisible.
   It makes you more stealthy.
Missiles
 b - 34 stones (quivered)
 m - 3 throwing nets {=f, !d}
Armour
 g - a +1 pair of boots of running (worn)
   (You found it in a Gauntlet)
 l - a +2 robe of the Archmagi (worn)
   (You took it off a kobold on level 2 of the Dungeon)
 w - a +0 ring mail
   (You took it off an orc on level 3 of the Dungeon)
 z - a +2 pair of gloves (worn)
   (You found it on level 6 of the Dungeon)
 J - a +0 cloak (worn)
   (You found it on level 8 of the Dungeon)
 P - the +4 ring mail of Devotion {rElec MR- rCorr Dex+4}
   (You found it on level 9 of the Dungeon)

   It affects your dexterity (+4).
   It insulates you from electricity.
   It affects your resistance to hostile enchantments.
   It provides partial protection from all sources of acid and corrosion.
 Q - a +0 helmet (worn)
   (You found it in a Gauntlet)
 V - the +0 robe of the Pleiades {-Cast rPois rF+++}
   (You found it on level 1 of the Lair of Beasts)

   It renders you almost immune to fire.
   It protects you from poison.
   It prevents spellcasting.
Magical Staves
 v - an uncursed staff of cold {rC+}
   (You found it on level 3 of the Dungeon)
 K - an uncursed staff of death {rN+}
   (You found it on level 8 of the Dungeon)
Jewellery
 h - a +4 ring of slaying (left hand)
   (You found it on level 1 of the Dungeon)
 j - an uncursed ring of poison resistance {rPois, !d}
   (You found it on level 2 of the Dungeon)
 n - an uncursed ring of stealth {Stlth+}
   (You found it on level 4 of the Dungeon)
 r - a cursed -4 ring of protection {unknown}
   (You found it in a Gauntlet)
 N - an amulet of faith (around neck) {Faith, !P}
   (You found it on level 9 of the Dungeon)
 O - a +4 ring of evasion (right hand)
   (You found it on level 9 of the Dungeon)
 T - an uncursed ring of protection from cold {rC+, !d}
   (You found it on level 10 of the Dungeon)
Wands
 e - a wand of disintegration (25)
   (You found it on level 3 of the Dungeon)
 i - a wand of digging (6)
   (You took it off Eustachio on level 4 of the Dungeon)
 p - a wand of enslavement (3)
   (You took it off a big kobold on level 5 of the Dungeon)
 x - a wand of paralysis (31)
   (You found it on level 3 of the Dungeon)
 y - a wand of iceblast (28)
   (You found it on level 3 of the Dungeon)
 H - a wand of flame (5)
   (You took it off a goblin on level 7 of the Dungeon)
 U - a wand of polymorph (6)
   (You found it on level 11 of the Dungeon)
Scrolls
 c - 4 scrolls of teleportation
 f - 9 scrolls of remove curse
 t - 4 scrolls of magic mapping {!r}
 A - a scroll of immolation {!r}
 B - a scroll of silence {unknown}
 C - 3 scrolls of enchant weapon
 F - 3 scrolls of fear
 G - 2 scrolls of fog
 I - 2 scrolls of blinking {unknown}
 L - 3 scrolls of brand weapon
Potions
 a - 4 potions of lignification {!q}
 k - a potion of brilliance
 o - 4 potions of flight {unknown}
 q - 9 potions of curing
 D - a potion of haste
 E - a potion of ambrosia
 M - a potion of mutation {!q}
 R - a potion of might


   Skills:
 + Level 3.6 Fighting
 - Level 2.0 Short Blades
 + Level 4.7 Dodging
 - Level 10.3 Stealth
 - Level 8.0 Spellcasting
 - Level 3.0 Translocations
 - Level 5.0 Transmutations
 - Level 14.0 Earth Magic
 - Level 13.0 Evocations


You had 9 spell levels left.
You knew the following spells:

 Your Spells              Type           Power        Failure   Level
a - Sandblast             Erth           ######       1%          1
b - Beastly Appendage     Tmut           #####.       1%          1
c - Petrify               Tmut/Erth      ######..     1%          4
d - Blink                 Tloc           N/A          4%          2
w - Passwall              Tmut/Erth      ######..     1%          2
x - Stone Arrow           Conj/Erth      #####.       1%          3
z - Lee's Rapid Deconstr  Erth           ######....   1%          5

Your spell library contained the following spells:

 Spells                   Type           Power        Failure   Level
 Wereblood                Tmut           #####...     1%          2
 Gell's Gravitas          Tloc           ####......   9%          3
 Magic Dart               Conj           ##..         10%         1
 Shock                    Conj/Air       ##..         10%         1
 Summon Small Mammal      Summ           ##..         10%         1
 Spider Form              Tmut/Pois      ###.......   11%         3
 Call Imp                 Summ           ##......     14%         2
 Slow                     Hex            ##......     14%         2
 Swiftness                Air            ##......     14%         2
 Call Canine Familiar     Summ           ##......     28%         3
 Confusing Touch          Hex            ##......     28%         3
 Conjure Flame            Conj/Fire      ##......     28%         3
 Mephitic Cloud           Conj/Pois/Air  ##......     28%         3
 Static Discharge         Conj/Air       ##......     28%         3
 Summon Guardian Golem    Hex/Summ       ##......     28%         3
 Ice Form                 Ice/Tmut       ###.....     34%         4
 Blade Hands              Tmut           #####.....   34%         5
 Airstrike                Air            ##........   67%         4
 Summon Ice Beast         Ice/Summ       ##......     67%         4
 Summon Lightning Spire   Summ/Air       ##......     67%         4
 Yara's Violent Unravell  Hex/Tmut       ###.......   67%         5
 Lightning Bolt           Conj/Air       ##........   95%         5
 Metabolic Englaciation   Hex/Ice        ##........   95%         5
 Haunt                    Necr/Summ      ##........   100%        7
 Borgnjor's Revivificati  Necr           ##........   100%        8
 Infestation              Necr           ##........   100%        8
 Necromutation            Tmut/Necr      ###.......   100%        8
 Death's Door             Necr           ##........   100%        9


Dungeon Overview and Level Annotations

Branches:
Dungeon (11/15)            Temple (1/1) D:5            Lair (2/6) D:10
    Orc (0/2) D:9         Ossuary (visited)         Gauntlet (1/1)
  Swamp: Lair:2-4    Shoals: Lair:2-4     Snake: Lair:2-4    Spider: Lair:2-4

Altars:
Cheibriados
Fedhas
Hepliaklqana
Makhleb
Qazlal
Sif Muna
Vehumet
Wu Jian
The Shining One
Beogh

Annotations:
Gauntlet 8 transporters, exclusions: oklob plant and orange crystal statue


Innate Abilities, Weirdness & Mutations

You are resistant to damage.
You can heal yourself by infusing magical energy.
You passively map the area around you.
You do not regenerate.
Armour fits poorly on your strangely shaped body.


Message History

You now have 19/24 mp.
Casting: Lee's Rapid Deconstruction (dangerous; 1% risk of failure)
Confirm with . or Enter, or press ? or * to list all spells.
Aiming: Lee's Rapid Deconstruction (dangerous; 1% risk of failure)
Press: ? - help, Dir - move target cursor A crystal wall.
You feel a surge of power!
The crystal wall shatters!
The blast of crystal shards hits the minotaur!
The minotaur is moderately wounded.
The minotaur throws a silver javelin.
The silver javelin pierces through you!!
* * * LOW HITPOINT WARNING * * *
The silver sears you!
* * * LOW HITPOINT WARNING * * *
You take 34 damage, and have 4/98 hp.
MASSIVE DAMAGE!!
You now have 14/24 mp.
You feel much better.
You regained 17 hp, and now have 21/98 hp.
You feel much better.
You flicker for a moment.
The minotaur throws a silver javelin.
The silver javelin closely misses you.
You regained 21 hp, and now have 42/98 hp.
Casting: Lee's Rapid Deconstruction (dangerous; 1% risk of failure)
Confirm with . or Enter, or press ? or * to list all spells.
Press: ? - help, Dir - move target cursor A metal wall.
You feel a surge of power!
The metal wall shatters!
The blast of metal fragments hits the minotaur!!
The minotaur is heavily wounded.
The minotaur throws a silver javelin.
The silver javelin misses you.
You now have 10/24 mp.
You fade further into invisibility.
The minotaur throws a silver javelin.
The silver javelin closely misses you.
Okay, then.
You flicker back into view.
You are confused.
You feel invigorated.
You regained 3 hp, and now have 45/98 hp.
You regained 3 mp, and now have 14/24 mp.
You regained 4 hp, and now have 49/98 hp.
You regained 4 mp, and now have 18/24 mp.
You regained 3 hp, and now have 52/98 hp.
You regained 3 mp, and now have 21/24 mp.
You bump into the metal wall.
The minotaur throws a silver javelin.
The silver javelin barely misses you.
You regained 4 hp, and now have 56/98 hp.
MP restored: 24 You bump into the metal wall.
The minotaur seems less drained.
The minotaur throws a silver javelin.
The silver javelin pierces through you!!
The silver sears you!
You take 22 damage, and have 34/98 hp.
MASSIVE DAMAGE!!
You bump into the metal wall.
You regained 5 hp, and now have 39/98 hp.
The minotaur throws a silver javelin.
The silver javelin closely misses you.
You see here 3 silver javelins.
You regained 4 hp, and now have 43/98 hp.
You bump into the metal wall.
You feel less invigorated.
You feel less confused.
The minotaur throws a silver javelin.
The silver javelin pierces through you but does no damage.
The silver sears you!
You regained 3 hp, and now have 46/98 hp.
Casting: Lee's Rapid Deconstruction (dangerous; 1% risk of failure)
Confirm with . or Enter, or press ? or * to list all spells.
Aiming: Petrify (mildly dangerous; 1% risk of failure)
Press: ? - help, Shift-Dir - straight line, f - minotaur
Aim: a minotaur, wielding a +1 dire flail of protection, wearing a +0 plate armour and quivering 6 silver javelins (heavily wounded, chance to defeat MR: 13%)
Okay, then.
Evoke which item? (* to show all) (? for menu, Esc to quit)
Aiming: Disintegrate
Press: ? - help, Shift-Dir - straight line, f - minotaur
Aim: a minotaur, wielding a +1 dire flail of protection, wearing a +0 plate armour and quivering 6 silver javelins (heavily wounded, chance to defeat MR: 37%)
Okay, then.
Evoke which item? (* to show all) (? for menu, Esc to quit)
Aiming: Iceblast
Press: ? - help, Shift-Dir - straight line, f - minotaur
Aim: a minotaur, wielding a +1 dire flail of protection, wearing a +0 plate armour and quivering 6 silver javelins (heavily wounded)
Okay, then.
Press: ? - help, v - describe, . - travel
Here: a minotaur, wielding a +1 dire flail of protection, wearing a +0 plate armour and quivering 6 silver javelins (heavily wounded)
The floor.
Evoke which item? (* to show all) (? for menu, Esc to quit)
Aiming: Iceblast
Press: ? - help, Shift-Dir - straight line, f - minotaur
Aim: a minotaur, wielding a +1 dire flail of protection, wearing a +0 plate armour and quivering 6 silver javelins (heavily wounded)
The mass of ice explodes!
The iceblast engulfs the minotaur but does no damage.
The minotaur is heavily wounded.
The minotaur throws a silver javelin.
The silver javelin pierces through you!!
* * * LOW HITPOINT WARNING * * *
The silver sears you!
* * * LOW HITPOINT WARNING * * *
You see here a silver javelin.
You take 23 damage, and have 23/98 hp.
MASSIVE DAMAGE!!
You feel yourself speed up.
The minotaur throws a silver javelin.
The silver javelin pierces through you!!
* * * LOW HITPOINT WARNING * * *
The silver sears you!
You die...

#≈...... #.......
###..##### #8#..##...
###..#p#.. #####..#..#.
##########≈8≈#..#...#
####.##..H.##...#..#©8..
#....##@##(...8.#..#...#
##.##....##(##...#..#..#.
#..##.##....##.8.#..#p#..
#....##.##......#..##...
##.##....##.##...#..#####
#.######..(.##.©.#≈......
###∩...'(##......#∩......
########.##(##.©.#≈......
#..##.##....##...#..#####


You could see a minotaur.

Vanquished Creatures
  2 hydras (Lair:1)
  3 two-headed ogres
  An unseen horror (D:11)
  An orange crystal statue (Gauntlet)
  Pikel (D:9)
  2 ugly things (D:11)
  A manticore (D:10)
  Maurice (D:10)
  Joseph (D:8)
  2 black mambas (Lair:2)
  A gargoyle (D:10)
  2 cane toads (Lair:1)
  A komodo dragon (Lair:1)
  2 trolls (D:9)
  A hornet (D:10)
  3 hippogriffs
  Sigmund (D:4)
  A wyvern (D:11)
  17 yaks
  Eustachio (D:4)
  6 water moccasins
  6 porcupines
  10 orc warriors
  3 sky beasts
  4 ice beasts
  2 phantoms
  3 wolves
  6 ogres
  6 centaurs
  2 crocodiles
  2 big kobolds
  9 bullfrogs
  2 gnoll sergeants
  4 scorpions
  5 wights (D:11)
  An electric eel (Lair:1)
  2 howler monkeys
  4 bullfrog zombies
  7 centaur zombies
  3 hounds
  10 orc priests
  2 jellies (D:11)
  7 orc wizards
  3 centaur skeletons
  3 bullfrog skeletons
  7 worker ants
  3 iguanas
  7 big kobold zombies (Ossuary)
  A hound zombie (D:7)
  5 mummies (Ossuary)
  A worker ant zombie (D:10)
  15 adders
  22 gnolls
  12 river rats (D:6)
  2 shadow imps
  3 white imps
  5 oozes
  3 adder skeletons
  3 worms
  The ghost of Lanoc the Sneak, a weakling GrDe (D:5)
  6 dart slugs
  3 leopard geckos
  42 orcs
  5 bats
  4 giant cockroaches
  9 goblins
  12 hobgoblins
  17 jackals
  11 quokkas
  5 ball pythons
  7 frilled lizards
  3 hobgoblin zombies (Ossuary)
  20 kobolds
  A leopard gecko skeleton (D:5)
  A quokka skeleton (D:4)
  21 rats
  2 butterflies (D:5)
416 creatures vanquished.

Vanquished Creatures (collateral kills)
  An orc priest (D:9)
1 creature vanquished.

Vanquished Creatures (others)
  A bush (D:10)
  22 demonic plants (Gauntlet)
  9 fungi
  26 plants
58 creatures vanquished.

Grand Total: 475 creatures vanquished

Notes
Turn   | Place    | Note
-------+----------+-------------------------------------------
     0 | D:1      | Irenicus the Deep Dwarf Earth Elementalist began the quest
                  | for the Orb.
     0 | D:1      | Reached XP level 1. HP: 15/15 MP: 3/3
    77 | D:1      | Reached XP level 2. HP: 17/22 MP: 0/4
    81 | D:1      | Reached skill level 5 in Earth Magic
   160 | D:1      | Reached XP level 3. HP: 22/28 MP: 2/5
   249 | D:1      | Reached skill level 1 in Short Blades
   337 | D:1      | Learned a level 2 spell: Passwall
   499 | D:2      | Reached XP level 4. HP: 24/36 MP: 3/6
   567 | D:2      | Reached skill level 2 in Short Blades
   567 | D:2      | Reached skill level 3 in Stealth
   600 | D:2      | Reached skill level 6 in Earth Magic
   699 | D:2      | Reached XP level 5. HP: 22/42 MP: 3/7
  1014 | D:3      | Reached skill level 7 in Earth Magic
  1326 | D:4      | Reached skill level 8 in Earth Magic
  1326 | D:4      | Reached XP level 6. HP: 21/49 MP: 5/8
  1585 | D:4      | Noticed Eustachio
  1588 | D:4      | Killed Eustachio
  1588 | D:4      | Reached skill level 9 in Earth Magic
  1637 | D:4      | Reached XP level 7. HP: 18/55 MP: 2/9
  1776 | D:4      | Noticed Sigmund
  1777 | D:4      | HP: 13/55 [Sigmund/+0 scythe (5)]
  1778 | D:4      | Killed Sigmund
  1778 | D:4      | Reached skill level 5 in Stealth
  1816 | D:5      | Entered Level 5 of the Dungeon
  1829 | D:5      | Reached skill level 6 in Stealth
  1846 | D:5      | Reached skill level 7 in Stealth
  1956 | D:5      | HP: 9/55 [bullfrog zombie (4)]
  1960 | D:5      | Reached skill level 8 in Stealth
  1960 | D:5      | Reached XP level 8. HP: 9/62 MP: 6/10
  1982 | D:5      | HP: 5/62 [bullfrog zombie (4)]
  2045 | D:5      | Reached skill level 9 in Stealth
  2134 | D:5      | Found a staircase to the Ecumenical Temple.
  2140 | Temple   | Entered the Ecumenical Temple
  2175 | Temple   | Became a worshipper of Makhleb the Destroyer
  2245 | D:5      | Found a runed translucent gate.
  2245 | D:5      | Found a runed translucent gate.
  2245 | D:5      | Found a runed translucent gate.
  2245 | D:5      | Noticed Lanoc's ghost (weakling GrDe)
  2245 | D:5      | Identified the +8 dagger "Keigeh" {drain, +Inv rN++ Int-4
                  | Stlth+}
  2257 | D:5      | Killed Lanoc's ghost
  2377 | D:5      | Found an ornate altar of the Wu Jian Council.
  2461 | D:6      | Reached skill level 10 in Stealth
  2559 | D:6      | Reached * piety under Makhleb
  2594 | D:6      | Reached skill level 2 in Spellcasting
  2679 | D:6      | Reached skill level 1 in Evocations
  2770 | D:6      | Reached ** piety under Makhleb
  2770 | D:6      | Reached skill level 2 in Evocations
  2775 | D:6      | Reached skill level 3 in Evocations
  2854 | D:6      | Found a sand-covered staircase.
  2866 | Ossuary  | Entered an ossuary
  2879 | Ossuary  | Reached skill level 4 in Evocations
  2889 | Ossuary  | Reached skill level 5 in Evocations
  2961 | Ossuary  | Gained mutation: You passively map the area around you.
                  | [Deep Dwarf growth]
  2961 | Ossuary  | Reached XP level 9. HP: 68/68 MP: 3/12
  3172 | D:6      | Found a stormy altar of Qazlal.
  3346 | D:7      | Reached skill level 6 in Evocations
  3440 | D:7      | Reached skill level 7 in Evocations
  3520 | D:7      | Found a radiant altar of Vehumet.
  3556 | D:7      | Reached *** piety under Makhleb
  3556 | D:7      | Reached skill level 8 in Evocations
  3782 | D:8      | Reached skill level 9 in Evocations
  3784 | D:8      | Noticed Joseph
  3793 | D:8      | Killed Joseph
  3793 | D:8      | Reached skill level 10 in Evocations
  3864 | D:8      | Noticed a two-headed ogre
  3876 | D:8      | Killed a two-headed ogre
  3876 | D:8      | Reached skill level 11 in Evocations
  4008 | D:8      | Reached skill level 12 in Evocations
  4012 | D:8      | Reached XP level 10. HP: 75/75 MP: 11/13
  4033 | D:8      | Gained mutation: Armour fits poorly on your strangely
                  | shaped body. [mutagenic glow]
  4190 | D:8      | Learned a level 4 spell: Petrify
  4201 | D:9      | Reached skill level 1 in Transmutations
  4334 | D:9      | Reached skill level 2 in Transmutations
  4337 | D:9      | Learned a level 1 spell: Beastly Appendage
  4365 | D:9      | Noticed Pikel
  4379 | D:9      | Killed Pikel
  4379 | D:9      | Reached skill level 13 in Evocations
  4422 | D:9      | Found a staircase to the Orcish Mines.
  4432 | D:9      | Reached skill level 3 in Transmutations
  4438 | D:9      | Reached **** piety under Makhleb
  4459 | D:9      | HP: 17/75 [troll (4)]
  4461 | D:9      | Reached skill level 3 in Spellcasting
  4488 | D:9      | Found a roughly hewn altar of Beogh.
  4488 | D:9      | Found a transporter.
  4526 | D:9      | Reached skill level 4 in Transmutations
  4550 | D:9      | Found a hazy altar of Hepliaklqana.
  4581 | D:9      | Noticed a two-headed ogre
  4598 | D:9      | Killed a two-headed ogre
  4598 | D:9      | Reached skill level 4 in Spellcasting
  4654 | D:9      | Reached skill level 5 in Transmutations
  4767 | D:9      | Found a shimmering blue altar of Sif Muna.
  4826 | D:9      | Reached skill level 10 in Earth Magic
  4925 | D:9      | Found a transporter.
  4990 | D:9      | Identified the +4 ring mail of Devotion {rElec MR- rCorr
                  | Dex+4} (You found it on level 9 of the Dungeon)
  5021 | D:10     | Entered Level 10 of the Dungeon
  5021 | D:10     | Noticed a two-headed ogre
  5021 | D:10     | Noticed a gargoyle
  5024 | D:10     | Found a staircase to the Lair.
  5031 | D:10     | Reached XP level 11. HP: 51/81 MP: 15/18
  5043 | D:10     | Reached skill level 5 in Spellcasting
  5117 | D:10     | Reached skill level 11 in Earth Magic
  5136 | D:10     | Noticed Maurice
  5140 | D:10     | Reached ***** piety under Makhleb
  5147 | D:10     | Killed Maurice
  5231 | D:10     | Reached skill level 6 in Spellcasting
  5479 | D:10     | Killed a two-headed ogre
  5479 | D:10     | Reached skill level 12 in Earth Magic
  5827 | D:11     | Reached skill level 7 in Spellcasting
  5870 | D:11     | Noticed a white ugly thing
  5878 | D:11     | Noticed a cyan ugly thing
  5889 | D:11     | Killed a white ugly thing
  5999 | D:11     | Reached skill level 13 in Earth Magic
  6007 | D:11     | Killed a red ugly thing
  6185 | D:11     | Killed an unseen horror
  6277 | Lair:1   | Entered Level 1 of the Lair of Beasts
  6337 | Lair:1   | Reached XP level 12. HP: 67/88 MP: 20/23
  6494 | Lair:1   | Noticed a five-headed hydra
  6505 | Lair:1   | Killed a five-headed hydra
  6505 | Lair:1   | Reached skill level 1 in Fighting
  6505 | Lair:1   | Reached skill level 8 in Spellcasting
  6538 | Lair:1   | Reached ****** piety under Makhleb
  6542 | Lair:1   | Learned a level 2 spell: Blink
  6563 | Lair:1   | Noticed an eight-headed hydra
  6574 | Lair:1   | Killed an eight-headed hydra
  6574 | Lair:1   | Reached skill level 1 in Translocations
  6591 | Lair:1   | Reached skill level 2 in Fighting
  6591 | Lair:1   | Reached skill level 3 in Dodging
  6594 | Lair:1   | Got a transparent robe
  6605 | Lair:1   | Identified the cursed +0 robe of the Pleiades {-Cast rPois
                  | rF+++} (You found it on level 1 of the Lair of Beasts)
  6745 | Lair:1   | Reached skill level 2 in Translocations
  6759 | Lair:1   | Reached skill level 14 in Earth Magic
  6908 | Lair:2   | Reached skill level 3 in Fighting
  6908 | Lair:2   | Reached skill level 4 in Dodging
  6908 | Lair:2   | Reached skill level 3 in Translocations
  6937 | Lair:2   | Found a gate leading to a gauntlet.
  6946 | Gauntlet | Entered a Gauntlet
  6946 | Gauntlet | Found a transporter.
  6946 | Gauntlet | Found a transporter.
  6947 | Gauntlet | Found a transporter.
  6950 | Gauntlet | Found a transporter.
  6950 | Gauntlet | Found a transporter.
  6961 | Gauntlet | Found a transporter.
  6961 | Gauntlet | Found a transporter.
  6977 | Gauntlet | Found a transporter.
  6985 | Gauntlet | Found a transporter.
  7002 | Gauntlet | Found a transporter.
  7010 | Gauntlet | Found a transporter.
  7029 | Gauntlet | Found a transporter.
  7181 | Gauntlet | Learned a level 5 spell: Lee's Rapid Deconstruction
  7185 | Gauntlet | Learned a level 3 spell: Stone Arrow
  7220 | Gauntlet | Paralysed by a floating eye for 3 turns
  7239 | Gauntlet | Identified a +0 pair of boots of running (You found it in a
                  | Gauntlet)
  7343 | Gauntlet | Noticed a minotaur
  7356 | Gauntlet | HP: 10/98 [minotaur/silver javelin (28)]
  7356 | Gauntlet | HP: 4/98 [minotaur/silver javelin (6)]
  7377 | Gauntlet | HP: 23/98 [minotaur/silver javelin (3)]
  7381 | Gauntlet | HP: 2/98 [minotaur/silver javelin (21)]
  7381 | Gauntlet | Hit by a silver javelin thrown by a minotaur

Illustrated notes

Levels and vault maps discovered:
D:1:      dpeg_arrival_radiant, layout_rooms
D:2:      layout_basic, minmay_small_reverse_x
D:3:      layout_loops_ring
D:4:      layout_gridville, uniq_sigmund, uniq_eustachio
D:5:      layout_loops_ring, overflow_temple_1_default,
          minmay_temple_entry_butterflies, gammafunk_ghost_nasty_kobolds,
          grunt_ministairs_2
D:6:      lemuel_ratsnest, layout_loops_ring, nicolae_qazlal_eye_of_the_storm,
          nicolae_ossuary_entry_ruins
D:7:      layout_cave_pools, vehumet_altar_wand_db, serial_glass,
          glass_columns_a, glass_columns_b
D:8:      layout_loops_ring, uniq_joseph
D:9:      gammafunk_beogh_shrine, layout_loops_ring, led_sif_pool,
          kennysheep_orc_monster_closet_entryway, basic_altar, uniq_pikel
D:10:     layout_basic, minmay_lair_entry_grove, uniq_maurice
D:11:     layout_basic
Temple:   dpeg_five_rooms_temple
Lair:1:   layout_cave_pods, grunt_megastairs_2, infiniplex_staircase_pool
Lair:2:   layout_gridlike, gauntlet_entry_generic, cheibrodos_lair_reptile_den
Gauntlet: gammafunk_gauntlet_shortcut [gammafunk_gauntlet_arena_grid,
          nicolae_gauntlet_arena_x, gammafunk_gauntlet_arena_mazey,
          gammafunk_gauntlet_arena_split_diamond, nicolae_gauntlet_swirl,
          gammafunk_gauntlet_arena_hedges, gauntlet_exit_green]

Skill      XL: |  1  2  3  4  5  6  7  8  9 10 11 12 |
---------------+-------------------------------------+-----
Earth Magic    | 5 6 8 9 10 13 14 | 14.0
Short Blades   | 1 2 |  2.0
Stealth        | 3 8 10 | 10.3
Spellcasting   | 2 4 7 8 |  8.0
Evocations     | 5 12 13 | 13.0
Transmutations | 5 |  5.0
Fighting       | 3 |  3.6
Translocations | 3 |  3.0
Dodging        | 4 |  4.7

Action                   |  1- 3 |  4- 6 |  7- 9 | 10-12 || total
-------------------------+-------+-------+-------+-------++-------
Melee: Club              |     3 |       |       |       ||     3
       Dagger            |    44 |    47 |   160 |   281 ||   532
       Kick              |       |       |       |     2 ||     2
       Headbutt          |       |       |       |     2 ||     2
 Cast: Sandblast         |    21 |    60 |   113 |   114 ||   308
       Passwall          |     2 |    13 |    37 |    46 ||    98
       Petrify           |       |       |       |     6 ||     6
       Beastly Appendage |       |       |       |     1 ||     1
       Lee's Rapid Decon |       |       |       |     5 ||     5
       Blink             |       |       |       |     1 ||     1
Invok: Lesser Servant of |       |       |       |     1 ||     1
 Abil: Evoke Invisibilit |       |       |     6 |    29 ||    35
Evoke: Wand              |       |       |       |     3 ||     3
  Use: Scroll            |       |     7 |     5 |    14 ||    26
       Potion            |       |       |     5 |     6 ||    11
 Stab: Sleeping          |     4 |     3 |    42 |    42 ||    91
       Invisible         |       |       |     4 |    46 ||    50
       Petrified         |       |       |       |     8 ||     8
       Paralysed         |       |       |       |     1 ||     1
       Distracted        |       |       |       |     1 ||     1
       Petrifying        |       |       |       |     1 ||     1
Armor: Robe              |    11 |    19 |    92 |    66 ||   188
Dodge: Dodged            |    25 |    41 |   134 |   210 ||   410

Table legend: (Time is in decaauts)
 A = Elapsed time spent in this place.
 B = Non-inter-level travel time spent in this place.
 C = Inter-level travel time spent in this place.
 D = Time resting spent in this place.
 E = Time spent auto-exploring this place.
 F = Levels seen in this place.
 G = Mean time per level.
                   A        B        C        D        E       F      G
               +--------+--------+--------+--------+--------+-----+--------+
         Total |   7299 |   7281 |     18 |      0 |      0 |  16 |  456.2 |
       Dungeon |   6013 |   5995 |     18 |      0 |      0 |  11 |  546.6 |
        Temple |     66 |     66 |      0 |      0 |      0 |   1 |   66.0 |
          Lair |    664 |    664 |      0 |      0 |      0 |   2 |  332.0 |
       Ossuary |    129 |    129 |      0 |      0 |      0 |   1 |  129.0 |
      Gauntlet |    426 |    426 |      0 |      0 |      0 |   1 |  426.0 |
               +--------+--------+--------+--------+--------+-----+--------+

Top non-repeatable levels by time:
     D:9: 821 daAuts
    D:10: 791 daAuts
     D:6: 757 daAuts
  Lair:1: 557 daAuts
     D:5: 535 daAuts
     D:4: 513 daAuts
     D:8: 511 daAuts
     D:3: 477 daAuts
     D:2: 462 daAuts
    D:11: 450 daAuts
Gauntlet: 426 daAuts
     D:1: 353 daAuts
     D:7: 338 daAuts
 Ossuary: 129 daAuts
  Lair:2: 106 daAuts

Table legend:
 A = Kills in this place as a percentage of kills in entire the game.
 B = Kills by you in this place as a percentage of kills by you in the entire game.
 C = Kills by friends in this place as a percentage of kills by friends in the entire game.
 D = Other kills in this place as a percentage of other kills in the entire game.
 E = Experience gained in this place as a percentage of experience gained in the entire game.
 F = Experience gained in this place divided by the number of levels of this place that you have seen.
                   A       B       C       D       E      F
               +-------+-------+-------+-------+-------+----------------------
         Total | 100.0 | 100.0 | 100.0 |   N/A | 100.0 | 1862.8
       Dungeon |  88.0 |  87.9 | 100.0 |   N/A |  70.7 | 1916.9
          Lair |   7.5 |   7.5 |   0.0 |   N/A |  25.5 | 3794.0
       Ossuary |   4.3 |   4.3 |   0.0 |   N/A |   1.4 | 418.0
      Gauntlet |   0.2 |   0.2 |   0.0 |   N/A |   2.4 | 712.0
               +-------+-------+-------+-------+-------+----------------------
